 Dungeon Sprint DCSS version 0.24-a0-525-g9231cdc (webtiles) character file.

Game seed: 3354993348073758872

2326 silentkaos13 the Cleaver (level 9, 0/81 HPs)
             Began as a Demonspawn Chaos Knight on Aug 3, 2019.
             Was a Plaything of Xom.
             Slain by a centaur warrior (8 damage)
             ... in the Dungeon (Sprint I: "Red Sonja").
             The game lasted 00:05:24 (1019 turns).

silentkaos13 the Cleaver (Demonspawn Chaos Knight)  Turns: 1019, Time: 00:05:25

Health: 0/81       AC:  6    Str: 16    XL:     9   Next: 19%
Magic:  0/9        EV: 13    Int: 14    God:    Xom [.*....]
Gold:   656        SH:  0    Dex: 12    Spells: 8/8 levels left

rFire    . . .     SeeInvis .   a - +0 hand axe (chaos)
rCold    . . .     Gourm    .   (no shield)
rNeg     . . .     Faith    .   h - +0 troll leather armour
rPois    .         Spirit   +   (no helmet)
rElec    .         Reflect  .   (no cloak)
rCorr    .         Harm     .   (no gloves)
MR       +....     NoTele   +   (no boots)
Stlth    ++++......             (no amulet)
HPRegen  0.63/turn              k - ring of protection from magic
MPRegen  0.22/turn              (no ring)

@: very slightly contaminated, invisible
A: hooves 1, molten scales 1, magic shield, magic regeneration
a: Renounce Religion


You were in the Dungeon.
You worshipped Xom.
You were a plaything of Xom.
You were not hungry.

You visited 1 branch You collected 656 gold pieces.

Inventory:

Hand Weapons
 a - a +0 hand axe of chaos (weapon)
Missiles
 l - 10 curare-tipped darts (quivered)
Armour
 b - a +2 leather armour
 h - a +0 troll leather armour (worn)
Jewellery
 k - a ring of protection from magic (left hand)
Wands
 e - a wand of random effects (8)
Scrolls
 i - a scroll of blinking
Potions
 d - 2 potions of curing
 f - a potion of haste
 g - 2 potions of magic
Comestibles
 c - 2 rations


   Skills:
 + Level 11.0 Fighting
 + Level 11.6 Axes
 + Level 5.2 Armour
 + Level 4.2 Dodging
 + Level 11.2 Stealth


You had 8 spell levels left.
You didn't know any spells.
Your spell library was empty.

Dungeon Overview and Level Annotations

Branches:
Dungeon (1/1)

Altars:
Cheibriados
Dithmenos
Elyvilon
Fedhas
Gozag
Hepliaklqana
Kikubaaqudgha
Makhleb
Nemelex Xobeh
Okawaru
Qazlal
Ru
Sif Muna
Trog
Uskayaw
Vehumet
Wu Jian
Xom
Yredelemnul
Zin
The Shining One
Jiyva
Lugonu

Shops:
D ([[


Innate Abilities, Weirdness & Mutations

You have large cloven feet.
You are partially covered in molten scales. (AC +2)
When hurt, damage is shared between your health and your magic reserves.
You regenerate magic rapidly.


Message History

The centaur warrior hits you but does no damage.
Something hits you.
* * * LOW HITPOINT WARNING * * *
You fade into invisibility!
The centaur warrior hits you.
* * * LOW HITPOINT WARNING * * *
Something hits you but does no damage. The centaur warrior barely misses you.
You are very lightly contaminated with residual magic.
You closely miss the centaur warrior.
The centaur warrior is lightly wounded.
You hit something. You burn something. Something hits you!
* * * LOW HITPOINT WARNING * * *
The centaur warrior hits you.
* * * LOW HITPOINT WARNING * * *
You completely miss the centaur warrior.
Your kick misses the centaur warrior.
The centaur warrior is lightly wounded.
You hit something but do no damage. Something hits you!
You die...
Xom guffaws!

#######################**********
#..').#.)'..#__#..')..#,,*,,,,+,,
'..#..'..#..'..'..#)..#*+*,****,,
#####'#####'#__####...+,,*,*,***,
####..#...#)####§§#####,,+,*+*,**
#__####..##.#≈§§§§#,,**+****,,,*,
#_____##'#_.+≈§§{§+,,*,,,,,*,,,**
#_.∩...'..._#§§§@c#,,*,,,,,+,,,,,
#_..__##_.#'##§####*+***,,,*,,,,,
#_____###'#.#..§§###,+,*,,,***++*
#########.####§###.##*,*,,***,,**
.......'...'.....'.∩#*,*,,****,,*
++++####.).##########*,**+*,,*,,*
,,,,,**##.##*,,,,,,,**,**,*,,,,,,
,,,,,,*,#+#,*,,,,,,,,+,****,,,,,,
*,,,,,*,,,,,*+++******,*,,+,,,,,,


You could see a centaur warrior.

Vanquished Creatures
  Sonja (D)
  A deep troll (D)
  2 kobold demonologists (D)
  A slime creature (D)
  Sigmund (D)
  A yak (D)
  A floating eye (D)
  An ogre (D)
  A jelly (D)
10 creatures vanquished.

Vanquished Creatures (others)
  A hornet (D)
  A floating eye (D)
  Ijyb (D)
3 creatures vanquished.

Grand Total: 13 creatures vanquished

Notes
Turn   | Place    | Note
-------+----------+-------------------------------------------
     0 | D        | silentkaos13 the Demonspawn Chaos Knight began the quest
                  | for the Orb.
     0 | D        | Reached XP level 1. HP: 18/18 MP: 1/1
     1 | D        | Noticed Ijyb
    15 | D        | Noticed an ogre
    17 | D        | XOM: potion effect (invisibility)
    20 | D        | Killed an ogre
    20 | D        | Reached skill level 5 in Axes
    20 | D        | Reached skill level 1 in Dodging
    20 | D        | Reached skill level 1 in Stealth
    20 | D        | Gained mutation: When hurt, damage is shared between your
                  | health and your magic reserves. [demonic ancestry]
    20 | D        | Reached XP level 2. HP: 28/28 MP: 2/2
    20 | D        | Reached XP level 3. HP: 34/34 MP: 3/3
    20 | D        | Gained mutation: You have large cloven feet. [demonic
                  | ancestry]
    20 | D        | Reached XP level 4. HP: 40/40 MP: 4/4
    31 | D        | Noticed Sigmund
    37 | D        | Killed Sigmund
    37 | D        | Reached XP level 5. HP: 49/49 MP: 5/5
    52 | D        | Found a burning altar of Makhleb.
    52 | D        | Found a viscous altar of Jiyva.
    52 | D        | Found a shimmering altar of Xom.
    52 | D        | Found a corrupted altar of Lugonu.
    52 | D        | Noticed a slime creature
    60 | D        | Killed a slime creature
    60 | D        | Reached XP level 6. HP: 32/59 MP: 3/6
   218 | D        | Found an ornate altar of the Wu Jian Council.
   218 | D        | Found a deep blue altar of Sif Muna.
   220 | D        | Found a radiant altar of Vehumet.
   233 | D        | XOM: silly message
   255 | D        | Found Uteuwonix's Armour Emporium.
   255 | D        | Found an ancient bone altar of Kikubaaqudgha.
   255 | D        | Found a hazy altar of Hepliaklqana.
   255 | D        | Found a stormy altar of Qazlal.
   255 | D        | Found a hide-covered altar of Uskayaw.
   255 | D        | Found a blossoming altar of Fedhas.
   255 | D        | Found a bloodstained altar of Trog.
   255 | D        | Found an iron altar of Okawaru.
   255 | D        | Found a basalt altar of Yredelemnul.
   255 | D        | Found a glowing golden altar of the Shining One.
   255 | D        | Found a snail-covered altar of Cheibriados.
   255 | D        | Found a sacrificial altar of Ru.
   255 | D        | Found a glowing silver altar of Zin.
   255 | D        | Found a shadowy altar of Dithmenos.
   255 | D        | Found a white marble altar of Elyvilon.
   255 | D        | Noticed a yak
   256 | D        | Found an opulent altar of Gozag.
   265 | D        | Killed a yak
   265 | D        | Gained mutation: You regenerate magic rapidly. [demonic
                  | ancestry]
   265 | D        | Reached XP level 7. HP: 47/65 MP: 4/7
   266 | D        | Found a sparkling altar of Nemelex Xobeh.
   369 | D        | Noticed a kobold demonologist
   369 | D        | Noticed a kobold demonologist
   373 | D        | Reached skill level 10 in Fighting
   373 | D        | Reached skill level 10 in Axes
   373 | D        | Reached skill level 5 in Stealth
   377 | D        | XOM: smoke on damage
   381 | D        | Noticed a ynoxinul
   382 | D        | Noticed a soul eater
   383 | D        | Noticed an ice devil
   393 | D        | Killed a kobold demonologist
   393 | D        | XOM: cast spell 'Summon Ice Beast'
   401 | D        | XOM: confuse monster(s)
   404 | D        | Killed a kobold demonologist
   404 | D        | Reached XP level 8. HP: 18/73 MP: 2/8
   670 | D        | Noticed Sonja
   674 | D        | Killed Sonja
   674 | D        | Reached skill level 5 in Armour
   674 | D        | Reached skill level 10 in Stealth
   691 | D        | Found Zanom's Weapon Boutique.
   711 | D        | Noticed a deep troll
   723 | D        | Killed a deep troll
   723 | D        | Gained mutation: You are partially covered in molten
                  | scales. (AC +2) [demonic ancestry]
   723 | D        | Reached XP level 9. HP: 44/81 MP: 3/9
   774 | D        | Killed Ijyb
   949 | D        | Found Kuov's Armour Emporium.
  1008 | D        | Noticed a centaur warrior
  1010 | D        | Noticed a centaur warrior
  1019 | D        | Slain by a centaur warrior

Levels and vault maps discovered:
D:        dungeon_sprint_1 [red_sonja_temple_1, red_sonja_temple_small_1]

Skill      XL: |  1  2  3  4  5  6  7  8 |
---------------+-------------------------+-----
Fighting       | 6 8 9 10 11 | 11.0
Axes           | 5 7 9 10 11 | 11.6
Armour         | 2 3 4 5 |  5.2
Dodging        | 1 2 3 4 |  4.2
Stealth        | 1 2 3 4 8 11 | 11.2

Action                   |  1- 3 |  4- 6 |  7- 9 || total
-------------------------+-------+-------+-------++-------
Melee: Hand axe          |    13 |    21 |    51 ||    85
       Kick              |       |     9 |    15 ||    24
  Use: Potion            |       |       |     3 ||     3
       Scroll            |       |       |     2 ||     2
 Stab: Paralysed         |     1 |     2 |     2 ||     5
       Sleeping          |       |     4 |     1 ||     5
       Petrified         |       |       |     6 ||     6
       Confused          |       |       |     1 ||     1
       Petrifying        |       |       |     1 ||     1
Armor: Leather armour    |     3 |     3 |    20 ||    26
       Troll leather arm |       |       |     3 ||     3
Dodge: Dodged            |    10 |     4 |    15 ||    29

Table legend:
 A = Non-vault XP
 B = Vault XP
 C = Vault XP percentage of total XP
 D = Non-vault monster count
 E = Vault monster count
 F = Vault count percentage of total count
                 A         B        C        D         E       F
            +---------+---------+-------+---------+---------+-------
      Total |       0 |    3323 | 100.0 |       0 |      10 | 100.0
            +---------+---------+-------+---------+---------+-------
          D |       0 |    3323 | 100.0 |       0 |      10 | 100.0
            +---------+---------+-------+---------+---------+-------
